 Dungeon Sprint DCSS version 0.30-a0-778-g2ef04afb54 (webtiles) character file.

Game seed: 16917820344545545258

27 PLAYERX the Slasher (level 2, -6/29 HPs)
             Began as a Minotaur Monk on Feb 15, 2023.
             Was a Priest of Makhleb.
             Mangled by a gnoll
             ... wielding a +0 flail of holy wrath
             ... led by a gnoll sergeant
              (10 damage)
             ... in the Dungeon (Sprint VII: "The Pits").
             The game lasted 00:04:06 (250 turns).

PLAYERX the Slasher (Minotaur Monk)                  Turns: 250, Time: 00:04:07

Health: -6/29      AC:  2    Str: 15    XL:     2   Next: 93%
Magic:  1/1        EV: 13    Int:  7    God:    Makhleb [***...]
Gold:   0          SH:  0    Dex: 12    Spells: 1/1 levels left

rFire   . . .      SeeInvis .    a - +2 falchion
rCold   . . .      Faith    .    (no shield)
rNeg    . . .      Spirit   .    b - +0 robe
rPois   .          Reflect  .    (helmet restricted)
rElec   .          Harm     .    (no cloak)
rCorr   .          Rampage  .    (no gloves)
Will    .....      NoTele   +    (no boots)
Stlth   ++                       (no amulet)
HPRegen 0.24/turn                (no ring)
MPRegen 0.07/turn                (no ring)

@: no status effects
A: horns 2, retaliatory headbutt
a: Renounce Religion, Minor Destruction, Lesser Servant of Makhleb


You were in the Dungeon.
You worshipped Makhleb.
Makhleb was most pleased with you.
You visited 1 branch

Inventory:

Hand Weapons
 a - a +2 falchion (weapon)
Armour
 b - a +0 robe (worn)
Scrolls
 i - a scroll of blinking
 k - 5 scrolls of amnesia
Potions
 c - a potion of ambrosia
 d - a potion of curing
 f - a potion of haste
 g - 4 potions of magic
 h - 3 potions of berserk rage
 j - 2 potions of invisibility


   Skills:
 + Level 5.4 Fighting
 + Level 5.5 Long Blades
 + Level 4.8 Dodging
 - Level 1.6 Stealth


You had one spell level left.
You didn't know any spells.
Your spell library was empty.

Dungeon Overview and Level Annotations

Branches:
Dungeon (1/1)

Altars:
Ashenzari
Cheibriados
Dithmenos
Elyvilon
Fedhas
Gozag
Hepliaklqana
Kikubaaqudgha
Makhleb
Nemelex Xobeh
Okawaru
Qazlal
Ru
Sif Muna
Trog
Uskayaw
Vehumet
Wu Jian
Xom
Yredelemnul
Zin
The Shining One
Jiyva
Lugonu


Innate Abilities, Weirdness & Mutations

You have a pair of horns on your head.
You reflexively headbutt those who attack you in melee.


Message History

Makhleb accepts your kill.
You can now summon a lesser servant of Makhleb.
You feel better. The endoplasm freezes you.
You are frozen.
The gnoll barely misses you.
The gnoll sergeant hits you from afar with a +1 trident of protection!
Ouch! That really hurt!
* * * LOW HITPOINT WARNING * * *
The ufetubus hits you.
* * * LOW HITPOINT WARNING * * *
The ufetubus hits you.
* * * LOW HITPOINT WARNING * * *
Your Fighting skill increases to level 5!
Your Long Blades skill increases to level 5!
You feel much better. The endoplasm misses you. The gnoll closely misses you.
The gnoll sergeant closely misses you. The ufetubus hits you.
The ufetubus hits you but does no damage.
As you read the scroll of summoning, it crumbles to dust.
Wisps of shadow whirl around you... The ufetubus barely misses you.
You furiously retaliate!
You headbutt the ufetubus!
You kill the ufetubus!
Makhleb accepts your kill.
You feel better. The endoplasm freezes you.
You are frozen.
The gnoll misses you. You furiously retaliate!
You headbutt the gnoll!
The gnoll sergeant hits you from afar with a +1 trident of protection!
You slash the gnoll!
You kill the gnoll!
Makhleb accepts your kill. The rat bites you but does no damage.
The endoplasm freezes you.
You are frozen.
The gnoll sergeant hits you from afar with a +1 trident of protection.
* * * LOW HITPOINT WARNING * * *
The endoplasm freezes you.
You are frozen.
* * * LOW HITPOINT WARNING * * *
The gnoll hits you with a +0 flail of holy wrath!
You die...

##########.##..........
#...........'..........
#+#####'#####......#..#
#...).# #..........
#.....# ####'#####+
###'### #.......#
#...†.# #.......#
#..x..# #.......#
####@## #...<...#
#..Jgrg..##.......#
#........##.......#
###########.......#
#########


You could see a gnoll sergeant, a gnoll, an endoplasm, a rat (ally target) and a
friendly small abomination (summoned).

Vanquished Creatures
  2 gnolls (D)
  2 ufetubi (D)
  An orc (D)
  A bat skeleton (D)
  A hobgoblin (D)
  A quokka (D)
8 creatures vanquished.

Notes
Turn   | Place    | Note
-------+----------+-------------------------------------------
     0 | D        | PLAYERX the Minotaur Monk began the quest for the Orb.
     0 | D        | Reached XP level 1. HP: 19/19 MP: 0/0
    47 | D        | Found a bloodstained altar of Trog.
    47 | D        | Found a shimmering blue altar of Sif Muna.
    47 | D        | Found a viscous altar of Jiyva.
    47 | D        | Found a hazy altar of Hepliaklqana.
    47 | D        | Found an opulent altar of Gozag.
    48 | D        | Found a glowing golden altar of the Shining One.
    48 | D        | Found a glowing silver altar of Zin.
    48 | D        | Found a basalt altar of Yredelemnul.
    48 | D        | Found a shimmering altar of Xom.
    48 | D        | Found an ornate altar of the Wu Jian Council.
    48 | D        | Found a sacrificial altar of Ru.
    48 | D        | Found a stormy altar of Qazlal.
    48 | D        | Found an iron altar of Okawaru.
    48 | D        | Found a sparkling altar of Nemelex Xobeh.
    48 | D        | Found a burning altar of Makhleb.
    48 | D        | Found a blossoming altar of Fedhas.
    48 | D        | Found a white marble altar of Elyvilon.
    48 | D        | Found a shadowy altar of Dithmenos.
    48 | D        | Found a snail-covered altar of Cheibriados.
    50 | D        | Found a radiant altar of Vehumet.
    50 | D        | Found a corrupted altar of Lugonu.
    51 | D        | Found a hide-covered altar of Uskayaw.
    51 | D        | Found an ancient bone altar of Kikubaaqudgha.
    51 | D        | Found a broken altar of Ashenzari.
    86 | D        | Became a worshipper of Makhleb the Destroyer
    86 | D        | Reached * piety under Makhleb
    86 | D        | Reached ** piety under Makhleb
   118 | D        | Reached XP level 2. HP: 25/28 MP: 1/1
   244 | D        | Noticed a gnoll sergeant
   247 | D        | Reached *** piety under Makhleb
   248 | D        | Reached skill level 5 in Fighting
   248 | D        | Reached skill level 5 in Long Blades
   250 | D        | Mangled by a gnoll

Illustrated notes

Levels and vault maps discovered:
D:        pitsprint [storerooms_1, entrance_room_1, metal_vault_7, armoury_2,
          mini_pit_1, grid_room_1, main_hall_1, silver_pit, the_coven_1,
          the_vestibule_1, steel_vault_2, golden_pit, hallway_of_sentries,
          crystal_vault_1, iron_vault_5, final_vault]

Skill      XL: |  1  2 |
---------------+-------+-----
Fighting       | 4 5 |  5.4
Long Blades    | 4 5 |  5.5
Dodging        | 4 |  4.8
Stealth        | |  1.6

Action                     || total
---------------------------++-------
  Melee: Falchion          ||    15
         Headbutt          ||     3
    Use: Scroll            ||     1
         Potion            ||     1
 Armour: Robe              ||     4
  Dodge: Dodged            ||    23

Table legend: (Time is in decaauts)
 A = Elapsed time spent in this place.
 B = Non-inter-level travel time spent in this place.
 C = Inter-level travel time spent in this place.
 D = Time resting spent in this place.
 E = Time spent auto-exploring this place.
 F = Levels seen in this place.
 G = Mean time per level.
                   A        B        C        D        E       F      G
               +--------+--------+--------+--------+--------+-----+--------+
         Total |    250 |    250 |      0 |    110 |      0 |   1 |  250.0 |
       Dungeon |    250 |    250 |      0 |    110 |      0 |   1 |  250.0 |
               +--------+--------+--------+--------+--------+-----+--------+

Top non-repeatable levels by time:
       D: 250 daAuts
